 Dungeon Crawl Stone Soup version 0.22-a0-776-ge6d7efa (webtiles) character file.

14 Hebeh the Firebug (level 2, -3/15 HPs)
             Began as a Deep Elf Fire Elementalist on July 18, 2018.
             Shot with a stone by a goblin (6 damage)
             ... on level 2 of the Dungeon.
             The game lasted 00:03:34 (1010 turns).

Hebeh the Firebug (Deep Elf Fire Elementalist)      Turns: 1010, Time: 00:03:35

Health: -3/15      AC:  3    Str:  5    XL:     2   Next: 31%
Magic:  5/8        EV: 13    Int: 19    God:
Gold:   105        SH:  0    Dex: 15    Spells: 6/7 levels left

rFire    . . .     SeeInvis .   b - +1 mace (protect)
rCold    . . .     Gourm    .   (no shield)
rNeg     . . .     Faith    .   a - +0 robe
rPois    .         Spirit   .   (no helmet)
rElec    .         Reflect  .   (no cloak)
rCorr    .         Harm     .   p - +0 pair of gloves
MR       .....                  (no boots)
Stlth    ++........             (no amulet)
HPRegen  0.05/turn              m - ring of wizardry
MPRegen  0.11/turn              (no ring)

@: no status effects
A: no striking features
a: no special abilities


You were on level 2 of the Dungeon.
You were not hungry.

You visited 1 branch of the dungeon, and saw 2 of its levels.

You collected 105 gold pieces.

Inventory:

Hand Weapons
 b - a +1 mace of protection (weapon)
Missiles
 j - 37 stones (quivered)
 o - 20 arrows
Armour
 a - a +0 robe (worn)
 p - a +0 pair of gloves (worn)
Jewellery
 m - a ring of wizardry (left hand)
Scrolls
 d - a scroll of identify {unknown}
 e - a scroll of teleportation {unknown}
 f - a scroll of magic mapping {unknown}
 h - a scroll of noise {unknown}
 r - a scroll of amnesia {unknown}
Potions
 g - a potion of ambrosia {unknown}
 k - a potion of heal wounds {unknown}
 l - a potion of brilliance {unknown}
 n - a potion of curing {unknown}
 q - a potion of agility {unknown}
Comestibles
 c - 4 rations
 i - 3 chunks of flesh


   Skills:
 - Level 2.4 Dodging
 - Level 2.4 Stealth
 + Level 3.3 Spellcasting
 * Level 2.0 Conjurations
 + Level 3.5 Fire Magic


You had 6 spell levels left.
You knew the following spells:

 Your Spells              Type           Power        Failure   Level  Hunger
a - Flame Tongue          Conj/Fire      ##...        1%          1    None

Your spell library contained the following spells:

 Spells                   Type           Power        Failure   Level  Hunger
 Fireball                 Conj/Fire      ##........   45%         5    ######.
 Conjure Flame            Conj/Fire      ##......     6%          3    ###....
 Throw Flame              Conj/Fire      ##....       2%          2    ##.....
 Sticky Flame             Conj/Fire      ##......     19%         4    ####...
 Inner Flame              Hex/Fire       #.......     9%          3    ###....


Dungeon Overview and Level Annotations

Branches:
Dungeon (2/15)

Altars:

Annotations:
D:2 Sigmund


Message History

Aiming: Flame Tongue (safe; 1% risk of failure)
Press: ? - help, Shift-Dir - straight line, f - hobgoblin
Aim: a hobgoblin, wielding a club The flame tongue hits the hobgoblin.
The hobgoblin is moderately wounded.
The goblin shoots a stone.
The stone closely misses you. The hobgoblin hits you with a club.
* * * LOW HITPOINT WARNING * * *
The goblin shoots a stone.
The stone misses you. The hobgoblin barely misses you.
You see here 2 stones.
Casting: Flame Tongue (safe; 1% risk of failure)
Confirm with . or Enter, or press ? or * to list all spells.
Aiming: Flame Tongue (safe; 1% risk of failure)
Press: ? - help, Shift-Dir - straight line, f/p - hobgoblin
Aim: a hobgoblin, wielding a club (moderately wounded)
The flame tongue hits the hobgoblin.
The hobgoblin appears unharmed.
The hobgoblin is moderately wounded.
The goblin shoots a stone.
The stone hits you.
You die...

##....###.#......#.#
#........##.#..#.#.#
#......####.#....#.#
#.#$..## # ##.#.#.#
..##### #.##.....#
.. #......### .
######.# .
######(###
#....(@).#
#g#.##g..# # #...#
....# ##..# <.# ..#
###


You could see a hobgoblin and a goblin.

Vanquished Creatures
  4 bats (D:1)
  A goblin (D:2)
  2 hobgoblins (D:1)
  3 frilled lizards (D:1)
  A kobold (D:1)
  3 rats
14 creatures vanquished.

Notes
Turn   | Place    | Note
-------+----------+-------------------------------------------
     0 | D:1      | Hebeh the Deep Elf Fire Elementalist began the quest for the Orb.
     0 | D:1      | Reached XP level 1. HP: 10/10 MP: 6/6
   706 | D:1      | Reached XP level 2. HP: 15/15 MP: 6/8
   975 | D:2      | Noticed Sigmund
  1010 | D:2      | Shot with a stone by a goblin

Vault maps used:
D:1:      dpeg_arrival_tiny_k
D:2:      grunt_temple_overflow_gold_and_silver, first_ration, uniq_sigmund,
          uniq_terence

Skill      XL: |  1  2 |
---------------+-------+-----
Conjurations   | 2 |  2.0
Dodging        | |  2.4
Stealth        | |  2.4
Spellcasting   | |  3.3
Fire Magic     | |  3.5

Action                   || total
-------------------------++-------
Melee: Mace              ||     1
Throw: Stone             ||     1
 Cast: Flame Tongue      ||    24
Armor: Robe              ||     3
Dodge: Dodged            ||     7

Table legend:
 A = Spawn XP
 B = Non-spawn XP
 C = Spawn XP percentage of total XP
 D = Spawn monster count
 E = Non-spawn monster count
 F = Spawn count percentage of total count
 G = Total turns spent on level
                    A         B        C        D         E        F      G
               +---------+---------+-------+---------+---------+-------+---------
         Total |       0 |      21 |   0.0 |       0 |      14 |   0.0 |  1010
               +---------+---------+-------+---------+---------+-------+---------
           D:1 |       0 |      18 |   0.0 |       0 |      12 |   0.0 |   973
           D:2 |       0 |       3 |   0.0 |       0 |       2 |   0.0 |    37
               +---------+---------+-------+---------+---------+-------+---------
